[ AOE2 MATCH · #506293148 ]
UnrankedGoths vs Magyars
Player's team · LOSS
Rival team · WIN
[ REPLAY ANALYSIS · EXTRACTED FROM THE RECORDED GAME ]
Feudal
11:02
Castle
—
Imperial
—
| APM avg | 47.8 |
| APM peak | 78 |
| eAPM avg | 22.5 |
| Villagers / military | 41 / 29 |
Focus
⚔️ 25.3% · 🌾 74.7%
Skirmisher ×22 · Militia ×3 · Spearman ×2 · Scout Cavalry ×2
Feudal
9:26
Castle
24:56
Imperial
—
| APM avg | 33.1 |
| APM peak | 80 |
| eAPM avg | 15.3 |
| Villagers / military | 42 / 31 |
Focus
⚔️ 30.8% · 🌾 69.2%
Archer ×20 · Skirmisher ×9 · Knight ×2
Match map
Initial resources + every placement click. Lines = walls · curves = elevation contours. ◆ gold · ⬟ stone · ● berries · ✦ relic · ◌ wall gap
Your base· Open — 7t gap
leonardodsg2012's base· ✓ Closed at 24:56 · 53t walls · 1 gate(s)
Smoothed initial terrain · ◌ = detected wall gap · hover for details
Inputs per minute
— PNAL | Bizantino - - leonardodsg2012
Build order — PNAL | Bizantino
138 actions detected in the replay
| 0:03 | Research | Loom |
| 0:03 | Queue | Villager (Male) |
| 0:04 | Queue | Villager (Male) |
| 0:04 | Queue | Villager (Male) |
| 0:06 | Build | House |
| 0:07 | Build | House |
| 0:39 | Queue | Villager (Male) |
| 1:35 | Queue | Villager (Male) |
| 1:48 | Build | Lumber Camp |
| 2:06 | Queue | Villager (Male) |
| 2:31 | Queue | Villager (Male) |
| 2:55 | Queue | Villager (Male) |
| 3:19 | Build | House |
| 3:22 | Build | House |
| 3:31 | Queue | Villager (Male) |
| 3:48 | Queue | Villager (Male) |
| 4:21 | Queue | Villager (Male) |
| 4:34 | Queue | Villager (Male) |
| 4:43 | Queue | Villager (Male) |
| 5:05 | Queue | Villager (Male) |
| 5:32 | Build | Barracks |
| 5:56 | Queue | Villager (Male) |
| 6:03 | Queue | Villager (Male) |
| 6:52 | Build | Mill |
| 6:54 | Queue | Villager (Male) |
| 7:00 | Queue | Militia |
| 7:00 | Queue | Militia |
| 7:01 | Queue | Militia |
| 7:18 | Queue | Villager (Male) |
| 7:34 | Queue | Villager (Male) |
| 7:38 | Build | House |
| 7:41 | Build | House |
| 8:52 | Research | Feudal Age |
| 9:37 | Build | Mining Camp |
| 9:40 | Build | Palisade Wall |
| 9:45 | Build | Palisade Wall |
| 10:06 | Build | House |
| 10:13 | Build | Palisade Gate |
| 10:15 | Build | House |
| 10:29 | Queue | Villager (Male) |
| 10:37 | Build | Palisade Gate |
| 10:41 | Build | House |
| 11:02 | Age | Feudal Age |
| 11:07 | Research | Man-at-Arms (upgrade) |
| 11:22 | Build | Archery Range |
| 11:26 | Build | Blacksmith |
| 11:28 | Build | House |
| 11:31 | Queue | Villager (Male) |
| 12:00 | Queue | Villager (Male) |
| 12:02 | Build | Farm |
| 12:04 | Build | Farm |
| 12:06 | Build | Farm |
| 12:28 | Queue | Villager (Male) |
| 12:32 | Build | Palisade Wall |
| 12:35 | Build | Farm |
| 12:44 | Build | Farm |
| 12:44 | Build | Farm |
| 13:04 | Build | Farm |
| 13:26 | Queue | Villager (Male) |
| 13:36 | Queue | Villager (Male) |
| 13:37 | Queue | Skirmisher |
| 13:38 | Queue | Skirmisher |
| 13:46 | Build | Farm |
| 13:48 | Build | Farm |
| 13:51 | Build | Farm |
| 13:57 | Queue | Villager (Male) |
| 14:02 | Build | House |
| 14:03 | Build | House |
| 14:06 | Build | House |
| 14:19 | Queue | Villager (Male) |
| 14:47 | Research | Town Watch |
| 14:52 | Queue | Skirmisher |
| 14:52 | Queue | Villager (Male) |
| 15:07 | Build | Palisade Wall |
| 15:12 | Build | Lumber Camp |
| 15:16 | Queue | Villager (Male) |
| 15:30 | Build | House |
| 15:58 | Queue | Skirmisher |
| 16:18 | Queue | Villager (Male) |
| 16:23 | Queue | Skirmisher |
| 16:23 | Queue | Skirmisher |
| 16:26 | Queue | Villager (Male) |
| 16:35 | Queue | Spearman |
| 16:35 | Queue | Spearman |
| 16:43 | Research | Double-Bit Axe |
| 16:50 | Research | Horse Collar |
| 17:00 | Queue | Villager (Male) |
| 17:46 | Queue | Villager (Male) |
| 18:03 | Queue | Skirmisher |
| 18:04 | Queue | Skirmisher |
| 18:12 | Research | Padded Archer Armor |
| 18:31 | Queue | Skirmisher |
| 18:43 | Queue | Skirmisher |
| 18:44 | Queue | Villager (Male) |
| 19:05 | Build | Lumber Camp |
| 19:11 | Research | Fletching |
| 19:11 | Queue | Villager (Male) |
| 19:14 | Research | Wheelbarrow |
| 19:23 | Queue | Skirmisher |
| 19:35 | Build | Farm |
| 19:52 | Build | Palisade Gate |
| 19:54 | Build | House |
| 20:22 | Build | Palisade Gate |
| 20:23 | Queue | Skirmisher |
| 20:24 | Queue | Skirmisher |
| 20:24 | Queue | Skirmisher |
| 20:36 | Queue | Villager (Male) |
| 20:41 | Queue | Skirmisher |
| 21:22 | Build | Farm |
| 21:22 | Build | Farm |
| 21:23 | Build | Farm |
| 21:23 | Build | Farm |
| 21:23 | Build | Farm |
| 21:23 | Build | Farm |
| 21:23 | Build | Farm |
| 21:24 | Build | Farm |
| 21:26 | Build | Mill |
| 21:49 | Build | Farm |
| 21:51 | Queue | Villager (Male) |
| 21:57 | Queue | Villager (Male) |
| 22:17 | Queue | Skirmisher |
| 22:17 | Queue | Skirmisher |
| 22:17 | Queue | Skirmisher |
| 22:35 | Queue | Villager (Male) |
| 22:40 | Build | Stable |
| 22:41 | Build | Farm |
| 23:03 | Queue | Skirmisher |
| 23:04 | Queue | Skirmisher |
| 23:06 | Build | Farm |
| 23:20 | Queue | Skirmisher |
| 23:20 | Queue | Skirmisher |
| 23:39 | Build | Farm |
| 23:46 | Queue | Villager (Male) |
| 24:22 | Build | Farm |
| 24:23 | Build | Farm |
| 24:53 | Queue | Scout Cavalry |
| 24:53 | Queue | Scout Cavalry |
| 24:54 | Queue | Villager (Male) |
Build order — leonardodsg2012
150 actions detected in the replay
| 0:01 | Queue | Villager (Male) |
| 0:01 | Queue | Villager (Male) |
| 0:01 | Queue | Villager (Male) |
| 0:03 | Build | House |
| 0:04 | Build | House |
| 0:13 | Queue | Villager (Male) |
| 1:26 | Queue | Villager (Male) |
| 1:58 | Queue | Villager (Male) |
| 2:25 | Queue | Villager (Male) |
| 2:31 | Build | Lumber Camp |
| 2:46 | Queue | Villager (Male) |
| 3:02 | Build | House |
| 3:13 | Queue | Villager (Male) |
| 3:29 | Queue | Villager (Male) |
| 3:54 | Queue | Villager (Male) |
| 4:19 | Queue | Villager (Male) |
| 4:40 | Queue | Villager (Male) |
| 5:20 | Queue | Villager (Male) |
| 5:39 | Build | Mill |
| 5:42 | Queue | Villager (Male) |
| 5:52 | Queue | Villager (Male) |
| 6:15 | Research | Loom |
| 7:16 | Research | Feudal Age |
| 7:21 | Build | Palisade Wall |
| 7:44 | Build | House |
| 7:57 | Build | Palisade Wall |
| 7:59 | Build | Barracks |
| 8:16 | Build | Palisade Wall |
| 8:19 | Build | Palisade Wall |
| 8:22 | Build | Palisade Wall |
| 8:38 | Build | Palisade Wall |
| 8:41 | Build | Palisade Wall |
| 8:43 | Build | Palisade Wall |
| 8:53 | Build | Mining Camp |
| 8:57 | Build | Palisade Wall |
| 8:59 | Queue | Villager (Male) |
| 9:16 | Build | Palisade Wall |
| 9:19 | Build | Palisade Wall |
| 9:22 | Queue | Villager (Male) |
| 9:26 | Age | Feudal Age |
| 9:37 | Build | Archery Range |
| 9:42 | Build | Palisade Wall |
| 9:58 | Queue | Villager (Male) |
| 10:17 | Build | Palisade Wall |
| 10:19 | Queue | Archer |
| 10:31 | Queue | Villager (Male) |
| 10:40 | Research | Double-Bit Axe |
| 10:43 | Queue | Villager (Male) |
| 10:50 | Queue | Archer |
| 10:56 | Build | House |
| 11:01 | Build | House |
| 11:36 | Build | House |
| 11:39 | Queue | Archer |
| 11:45 | Queue | Villager (Male) |
| 11:53 | Build | Blacksmith |
| 11:57 | Build | Palisade Wall |
| 11:58 | Build | Palisade Wall |
| 12:00 | Build | House |
| 12:05 | Build | House |
| 12:09 | Queue | Archer |
| 12:15 | Queue | Villager (Male) |
| 12:44 | Queue | Villager (Male) |
| 12:57 | Build | Palisade Wall |
| 12:59 | Build | Palisade Wall |
| 13:06 | Build | Archery Range |
| 13:11 | Queue | Archer |
| 13:16 | Build | Farm |
| 13:16 | Build | Farm |
| 13:16 | Build | Farm |
| 13:16 | Build | Farm |
| 13:18 | Queue | Villager (Male) |
| 13:31 | Queue | Villager (Male) |
| 13:39 | Build | Farm |
| 14:10 | Queue | Villager (Male) |
| 14:15 | Build | Farm |
| 14:16 | Build | Farm |
| 14:19 | Queue | Archer |
| 14:19 | Queue | Archer |
| 14:38 | Build | Palisade Gate |
| 14:56 | Queue | Villager (Male) |
| 15:04 | Queue | Archer |
| 15:05 | Queue | Archer |
| 15:07 | Queue | Villager (Male) |
| 15:10 | Build | House |
| 15:25 | Queue | Archer |
| 15:25 | Queue | Archer |
| 15:31 | Build | House |
| 15:44 | Research | Fletching |
| 15:46 | Build | House |
| 15:46 | Queue | Villager (Male) |
| 15:49 | Build | Farm |
| 15:50 | Build | Farm |
| 15:50 | Build | Farm |
| 15:50 | Build | Farm |
| 16:18 | Research | Padded Archer Armor |
| 16:33 | Queue | Villager (Male) |
| 16:41 | Build | Farm |
| 16:44 | Queue | Villager (Male) |
| 16:46 | Build | House |
| 16:49 | Build | House |
| 17:28 | Queue | Archer |
| 17:28 | Queue | Archer |
| 17:28 | Queue | Skirmisher |
| 17:29 | Queue | Skirmisher |
| 17:47 | Queue | Skirmisher |
| 17:47 | Queue | Archer |
| 17:50 | Queue | Villager (Male) |
| 17:50 | Queue | Villager (Male) |
| 17:52 | Build | Farm |
| 17:58 | Build | Farm |
| 18:09 | Queue | Skirmisher |
| 18:09 | Queue | Archer |
| 18:12 | Queue | Villager (Male) |
| 18:17 | Build | Market |
| 18:40 | Queue | Skirmisher |
| 18:40 | Queue | Archer |
| 19:08 | Queue | Skirmisher |
| 19:08 | Queue | Archer |
| 19:09 | Queue | Villager (Male) |
| 19:13 | Build | Farm |
| 19:13 | Build | Farm |
| 19:13 | Build | Farm |
| 19:13 | Build | Farm |
| 19:53 | Queue | Skirmisher |
| 19:53 | Queue | Archer |
| 20:09 | Queue | Villager (Male) |
| 20:09 | Queue | Villager (Male) |
| 20:15 | Build | House |
| 21:00 | Queue | Villager (Male) |
| 21:00 | Queue | Villager (Male) |
| 21:13 | Queue | Skirmisher |
| 21:13 | Queue | Archer |
| 21:14 | Queue | Skirmisher |
| 21:14 | Queue | Archer |
| 21:36 | Queue | Villager (Male) |
| 21:38 | Build | Mining Camp |
| 21:42 | Build | Lumber Camp |
| 21:46 | Build | House |
| 22:16 | Research | Castle Age |
| 22:22 | Build | Stable |
| 22:41 | Build | Farm |
| 22:43 | Build | Farm |
| 23:14 | Research | Gold Mining |
| 23:16 | Research | Horse Collar |
| 23:36 | Research | Scale Barding Armor |
| 24:56 | Age | Castle Age |
| 25:02 | Queue | Knight |
| 25:02 | Queue | Knight |
| 25:05 | Research | Chain Barding Armor |
| 25:06 | Queue | Villager (Male) |
Match timeline
| 5:32 | PNAL | Bizantino · first_building Barracks |
| 7:21 | leonardodsg2012 · wall_segment Palisade Wall x5 |
| 7:57 | leonardodsg2012 · wall_segment Palisade Wall x5 |
| 7:59 | leonardodsg2012 · first_building Barracks |
| 8:16 | leonardodsg2012 · wall_segment Palisade Wall x1 |
| 8:19 | leonardodsg2012 · wall_segment Palisade Wall x1 |
| 8:22 | leonardodsg2012 · wall_segment Palisade Wall x1 |
| 8:38 | leonardodsg2012 · wall_segment Palisade Wall x1 |
| 8:41 | leonardodsg2012 · wall_segment Palisade Wall x1 |
| 8:43 | leonardodsg2012 · wall_segment Palisade Wall x1 |
| 8:57 | leonardodsg2012 · wall_segment Palisade Wall x9 |
| 9:16 | leonardodsg2012 · wall_segment Palisade Wall x1 |
| 9:19 | leonardodsg2012 · wall_segment Palisade Wall x1 |
| 9:26 | leonardodsg2012 · age_up feudal |
| 9:37 | leonardodsg2012 · first_building Archery Range |
| 9:40 | PNAL | Bizantino · wall_segment Palisade Wall x1 |
| 9:42 | leonardodsg2012 · wall_segment Palisade Wall x1 |
| 9:45 | PNAL | Bizantino · wall_segment Palisade Wall x1 |
| 10:17 | leonardodsg2012 · wall_segment Palisade Wall x11 |
| 11:02 | PNAL | Bizantino · age_up feudal |
| 11:22 | PNAL | Bizantino · first_building Archery Range |
| 11:57 | leonardodsg2012 · wall_segment Palisade Wall x3 |
| 11:58 | leonardodsg2012 · wall_segment Palisade Wall x7 |
| 12:32 | PNAL | Bizantino · wall_segment Palisade Wall x4 |
| 12:57 | leonardodsg2012 · wall_segment Palisade Wall x4 |
| 12:59 | leonardodsg2012 · wall_segment Palisade Wall x4 |
| 15:07 | PNAL | Bizantino · wall_segment Palisade Wall x5 |
| 22:22 | leonardodsg2012 · first_building Stable |
| 22:40 | PNAL | Bizantino · first_building Stable |
| 24:56 | leonardodsg2012 · age_up castle |
| 25:16 | PNAL | Bizantino · resign |
[ AI ANALYSIS · 1 CREDIT ]
What really happened in this match?
Wolo.gg analyzes every decision: build order, eco, micro, common mistakes by bracket. Personalized analysis on WhatsApp or Discord in 30 seconds.
Civ guide
Goths
Perfil
Jugador #14791039